 Dungeon Sprint DCSS version 0.17-a0-1691-g18a3847 (webtiles) character file.

36 Kidiri the Sneak (level 3, 0/16 HPs)
             Began as a Spriggan Enchanter on Aug 20, 2015.
             Slain by a human (9 damage)
             ... in the Dungeon (Sprint III: "The Ten Rune Challenge").
             The game lasted 00:01:41 (243 turns).

Kidiri the Sneak (Spriggan Enchanter)                Turns: 243, Time: 00:01:41

Health: 0/16       AC:  3    Str:  4    XL:     3   Next: 19%
Magic:  0/10       EV: 21    Int: 16    God:
Gold:   0          SH:  0    Dex: 17    Spells: 4 memorised, 2 levels left

rFire  . . .     SeeInvis +     a - +1 dagger
rCold  . . .     Clarity  .     b - +1 robe {rN+}
rNeg   + . .     SustAt   .     (shield restricted)
rPois  .         Gourm    .     (helmet restricted)
rElec  .         Spirit   .     (no cloak)
rCorr  .         Warding  .     (gloves unavailable)
rMut   .         NoTele   +     (boots unavailable)
MR     .....                    (no amulet)
Stlth  ++++......               (no ring)
                                (no ring)

@: very slightly contaminated, very quick, not resistant to hostile
enchantments, stealthy
A: unfitting armour, see invisible, herbivore 3, speed 3, slow metabolism 2
a: no special abilities


You were in the Dungeon.
You were not hungry.

You visited 1 branch

Inventory:

Hand weapons
 a - a +1 dagger (weapon)
Armour
 b - a +1 robe of positive energy (worn)
Magical devices
 l - a wand of heal wounds (3)
Scrolls
 j - a scroll of blinking
 k - a scroll of immolation {unknown}
Potions
 e - a potion of curing
 f - a potion of heal wounds
 g - a potion of haste
 h - 2 potions of magic
 i - a potion of berserk rage
Books
 c - a book of Maledictions

   Spells                             Type                      Level
   a - Corona                         Hexes                        1
   b - Ensorcelled Hibernation        Hexes/Ice                    2
   c - Confuse                        Hexes                        3
   d - Tukima's Dance                 Hexes                        3
   e - Dazzling Spray                 Conjuration/Hexes            3
Comestibles
 d - a bread ration


   Skills:
 + Level 2.5 Short Blades
 * Level 5.3 Dodging
 * Level 6.5 Stealth
 * Level 4.5 Spellcasting
 + Level 4.3 Hexes
 + Level 0.7 Ice Magic


You had 2 spell levels left.
You knew the following spells:

 Your Spells              Type           Power        Failure   Level  Hunger
a - Corona                Hex            ###....      2%          1    None
b - Ensorcelled Hibernat  Hex/Ice        ##....       10%         2    ##.....
c - Confuse               Hex            ###.....     10%         3    ###....
d - Tukima's Dance        Hex            ###.....     10%         3    ###....


Dungeon Overview and Level Annotations

Branches:
Dungeon (1/1)

Altars:


Innate Abilities, Weirdness & Mutations

You are tiny and cannot use many weapons and most armour.
You have supernaturally acute eyesight.
You are a herbivore.
You cover ground extremely quickly.
You need consume almost no food.


Message History

The human is moderately wounded.
The human hits you!
You hit the human.
The human is moderately wounded.
Casting: Ensorcelled Hibernation
Confirm with . or Enter, or press ? or * to list all spells.
Aiming: Corona
Press: ? - help, Shift-Dir - straight line, f/p - human
Aim: a human (moderately wounded, chance to defeat MR: 54%)
You miscast Corona.
You are very lightly contaminated with residual magic.
Multicoloured lights dance before your eyes!
The human misses you.
Drink which item? (? for menu, Esc to quit)
Okay, then.
You hit the human.
The human is heavily wounded.
The human hits you!
Ouch! That really hurt!
You die...

▓.....#....≈ #
▓.....#...≈≈♣. .#
▓.....#..≈≈≈≈♣♣♣♣.+
▓####'#..≈≈≈≈≈≈♣..#
▓[....#.≈≈≈≈≈≈....#
▓...[.#.≈≈≈≈≈.....#
▓.....#.≈≈≈.......#
▓'#####...........#
▓...p@............#
▓▓▓▓▓▓▓▓▓▓▓▓▓▓▓▓▓▓▓


You could see a human.

Vanquished Creatures
  Jessica (D)
  2 oozes (D)
  A rat (D)
4 creatures vanquished.

Vanquished Creatures (others)
  A yaktaur (D)
1 creature vanquished.

Grand Total: 5 creatures vanquished

Notes
Turn   | Place    | Note
--------------------------------------------------------------
     0 | D        | Kidiri the Spriggan Enchanter began the quest for the Orb.
     0 | D        | Reached XP level 1. HP: 9/9 MP: 5/5
     7 | D        | Reached skill level 5 in Stealth
    14 | D        | Reached XP level 2. HP: 11/13 MP: 5/7
    18 | D        | Learned a level 2 spell: Ensorcelled Hibernation
    67 | D        | Noticed Jessica
    70 | D        | Killed Jessica
    70 | D        | Reached skill level 5 in Dodging
    70 | D        | Reached skill level 6 in Stealth
    70 | D        | Reached XP level 3. HP: 16/16 MP: 8/10
    86 | D        | Killed a yaktaur
    93 | D        | Learned a level 3 spell: Confuse
    97 | D        | Learned a level 3 spell: Tukima's Dance
   243 | D        | Slain by a human

Vault maps used:
D:        dungeon_sprint_mu

Action                   || total
-------------------------++-------
Melee: Dagger            ||    31
 Cast: Ensorcelled Hiber ||     8
       Corona            ||     1
 Stab: Sleeping          ||     2
